 Dungeon Crawl Stone Soup version 0.29.1-12-g30fa7ad0bf (webtiles) character file.

Game seed: 5872420408316747905

15 LustLizard the Slasher (level 2, -7/18 HPs)
             Began as a Tengu Gladiator on Dec 14, 2022.
             Mangled by Sigmund
             ... wielding a +0 scythe
              (10 damage)
             ... on level 2 of the Dungeon.
             The game lasted 00:01:52 (864 turns).

LustLizard the Slasher (Tengu Gladiator)             Turns: 864, Time: 00:01:53

Health: -7/18      AC:  5    Str: 14    XL:     2   Next: 50%
Magic:  3/3        EV: 11    Int:  8    God:
Gold:   137        SH:  0    Dex: 15    Spells: 1/1 levels left

rFire   . . .      SeeInvis .   a - +0 long sword
rCold   . . .      Faith    .   (no shield)
rNeg    . . .      Spirit   .   i - +0 ring mail
rPois   .          Reflect  .   c - +0 hat
rElec   .          Harm     .   (no cloak)
rCorr   .          Rampage  .   (no gloves)
Will    .....                   (boots unavailable)
Stlth   +.........              (no amulet)
HPRegen 0.06/turn               (no ring)
MPRegen 0.08/turn               (no ring)

@: no status effects
A: beak, talons 3
a: no special abilities


You were on level 2 of the Dungeon.
You visited 1 branch of the dungeon, and saw 2 of its levels.

You collected 137 gold pieces.

Inventory:

Hand Weapons
 a - a +0 long sword (weapon)
Missiles
 e - a javelin (quivered)
 l - 7 stones
Armour
 b - a +0 leather armour
 c - a +0 hat (worn)
 i - a +0 ring mail (worn)
Scrolls
 j - a scroll of noise {unknown}
 m - a scroll of fear {unknown}
Potions
 f - 2 potions of might {unknown}
 g - 5 potions of haste {unknown}
 h - a potion of cancellation {unknown}
 k - a potion of brilliance {unknown}


   Skills:
 + Level 2.3 Fighting
 * Level 3.9 Long Blades
 - Level 2.0 Throwing
 - Level 3.2 Dodging


You had one spell level left.
You didn't know any spells.
Your spell library was empty.

Dungeon Overview and Level Annotations

Branches:
Dungeon (2/15)

Altars:

Annotations:
D:2 Sigmund


Innate Abilities, Weirdness & Mutations

You have a beak for a mouth.
You have claws for feet.


Message History

Aim: Sigmund, wielding a +0 scythe and wearing a +0 robe (57% to hit)
You throw a throwing net. The throwing net hits Sigmund.
Sigmund is caught in the net!
Sigmund struggles against the net.
You barely miss Sigmund. You peck Sigmund, but do no damage.
Sigmund struggles against the net.
Sigmund casts a spell at you.
You are confused.
Sigmund struggles against the net.
You barely miss Sigmund. Your peck misses Sigmund.
Sigmund struggles against the net.
Sigmund struggles against the net.
The net rips apart, and Sigmund comes free!
There is a stone staircase leading up here.
Found 18 gold pieces.
Sigmund gestures wildly while chanting.
Sigmund flickers and vanishes!
Deactivating autopickup; reactivate with Ctrl-A.
Something hits you.
You bump into the metal wall.
You feel less confused. Something hits you but does no damage.
Something hits you.
There is a stone staircase leading up here.
You closely miss something. Your kick misses something.
Your peck misses something. Your punch misses something. You hit something.
Something hits you!
Ouch! That really hurt!
You closely miss something. Your kick misses something. You peck something.
Something completely misses you.
Throw: throwing net
Press: ? - help, Q - select action, (/) - cycle Shift-Dir - straight line You throw a throwing net.
Something hits you but does no damage.
You miss something. You peck something. You barely miss something.
Something hits you.
* * * LOW HITPOINT WARNING * * *
You miss something. Your kick misses something. Something hits you!
Ouch! That really hurt!
You die...

. # ...
#.#######....
#.#.....#...$
#.#.@._.#w...
#.#.{...#..##
#.#######..#
#. .# ## #


You could see a dart slug.

Vanquished Creatures
  2 ball pythons (D:1)
  2 bats (D:1)
  2 endoplasms (D:1)
  2 giant cockroaches (D:1)
  A hobgoblin (D:1)
  A quokka (D:1)
  2 rats (D:1)
12 creatures vanquished.

Notes
Turn   | Place    | Note
-------+----------+-------------------------------------------
     0 | D:1      | LustLizard the Tengu Gladiator began the quest for the Orb.
     0 | D:1      | Reached XP level 1. HP: 12/12 MP: 2/2
   250 | D:1      | Reached XP level 2. HP: 12/17 MP: 3/3
   847 | D:2      | Noticed Sigmund
   847 | D:2      | Found a faded altar of an unknown god.
   864 | D:2      | Mangled by Sigmund

Illustrated notes

Levels and vault maps discovered:
D:1:      dpeg_arrival_line_fractal, layout_loops_ring, minmay_tree_intersection
D:2:      layout_basic, nicolae_ecumenical_oubliette,
          kennysheep_decorative_pillar, uniq_sigmund

Action                   || total
-------------------------++-------
Melee: Long sword        ||    31
       Peck              ||     7
       Kick              ||     2
       Punch             ||     1
Throw: Throwing net      ||     3
Armor: Ring mail         ||     6
Dodge: Dodged            ||    16
